 Dungeon Crawl Stone Soup version 0.19.0-11-g3fc08b3 (webtiles) character file.

6118 varam the Covert (level 10, -1/49 HPs)
             Began as a Spriggan Enchanter on Nov 8, 2016.
             Was a Priest of Kikubaaqudgha.
             Slain by a centaur warrior (13 damage)
             ... on level 11 of the Dungeon.
             The game lasted 00:54:25 (13517 turns).

varam the Covert (Spriggan Enchanter)              Turns: 13517, Time: 00:54:25

Health: -1/49      AC:  4    Str:  7    XL:     10   Next: 59%
Magic:  17/17      EV: 24    Int: 18    God:    Kikubaaqudgha [***...]
Gold:   577        SH:  7    Dex: 19    Spells: 7 memorised, 1 level left

rFire  + + +     SeeInvis +     N - +4 dagger (chaos)
rCold  x . .     Gourm    .     b - +1 robe
rNeg   . . .     Faith    .     p - +0 buckler
rPois  .         Spirit   .     (helmet restricted)
rElec  .         Reflect  .     H - +0 cloak
rCorr  .         Harm     .     (gloves unavailable)
MR     ++...                    (boots unavailable)
Stlth  +++++.....               (no amulet)
                                O - ring "Beiguj" {rF+++ rC- MR+ Str+3}
                                k - ring of protection from fire

@: starving, studying Crossbows, very quick
A: unfitting armour, see invisible, herbivore 3, speed 3, slow metabolism 2
a: Receive Corpses, Renounce Religion


You were on level 11 of the Dungeon.
You worshipped Kikubaaqudgha.
Kikubaaqudgha was most pleased with you.
You were starving.

You visited 1 branch of the dungeon, and saw 11 of its levels.
You also visited: Bailey.

You collected 577 gold pieces.

Inventory:

Hand Weapons
 I - a +0 dagger of venom
 N - a +4 dagger of chaos (weapon)
 P - a +1 dagger of protection
Missiles
 f - 11 tomahawks (quivered)
 x - a throwing net
 y - 35 poisoned needles
 R - 20 tomahawks of returning
Armour
 b - a +1 robe (worn)
 p - a +0 buckler (worn)
 H - a +0 cloak (worn)
Jewellery
 k - a ring of protection from fire (left hand)
 O - the ring "Beiguj" (right hand) {rF+++ rC- MR+ Str+3}
   (You found it on level 8 of the Dungeon)

   [ring of strength]

   It affects your strength (+3).
   It renders you almost immune to fire.
   It makes you vulnerable to cold.
   It affects your resistance to hostile enchantments.
Wands
 n - a wand of disintegration (13/24)
 F - a wand of slowing (14/48)
 M - a wand of digging (13/24)
Scrolls
 d - 5 scrolls of identify
 e - a scroll of amnesia
 g - 5 scrolls of enchant armour {unknown}
 o - 3 scrolls of remove curse
 r - 2 scrolls of noise
 u - 2 scrolls of fear
 w - a scroll of immolation
 A - 3 scrolls of blinking {unknown}
 C - a scroll of holy word {unknown}
 E - 2 scrolls of magic mapping {unknown}
 G - a scroll of vulnerability {unknown}
 L - 2 scrolls of fog {unknown}
Potions
 a - a potion of lignification {unknown}
 h - 4 potions of curing
 i - 3 potions of heal wounds
 j - a potion of degeneration {unknown}
 l - 2 potions of haste
 q - a potion of brilliance {unknown}
 s - 3 potions of ambrosia
 t - a potion of mutation {unknown}
 v - a potion of magic
 B - a potion of resistance {unknown}
 D - 3 potions of might {unknown}
 S - 2 potions of beneficial mutation {unknown}
Books
 c - a book of Maledictions

   Spells                             Type                      Level
   a - Corona                         Hexes                        1
   b - Ensorcelled Hibernation        Hexes/Ice                    2
   c - Confuse                        Hexes                        3
   d - Tukima's Dance                 Hexes                        3
   e - Dazzling Spray                 Conjuration/Hexes            3
 z - Kikubaaqudgha's Collected Works on Necromancy
   (Kikubaaqudgha gifted it to you on level 5 of the Dungeon)

   Spells                             Type                      Level
   a - Pain                           Necromancy                   1
   b - Corpse Rot                     Necromancy                   2
   c - Sublimation of Blood           Necromancy                   2
   d - Vampiric Draining              Necromancy                   3
   e - Control Undead                 Necromancy                   4
 J - a book of Minor Magic

   Spells                             Type                      Level
   a - Magic Dart                     Conjuration                  1
   b - Blink                          Translocation                2
   c - Call Imp                       Summoning                    2
   d - Repel Missiles                 Charms/Air                   2
   e - Slow                           Hexes                        2
   f - Conjure Flame                  Conjuration/Fire             3
   g - Mephitic Cloud                 Conjuration/Poison/Air       3
 K - a book of Geomancy

   Spells                             Type                      Level
   a - Sandblast                      Earth                        1
   b - Passwall                       Transmutation/Earth          2
   c - Stone Arrow                    Conjuration/Earth            3
   d - Petrify                        Transmutation/Earth          4
   e - Lee's Rapid Deconstruction     Earth                        5
 Q - Kikubaaqudgha's Catalogue of Dark Secrets
   (Kikubaaqudgha gifted it to you on level 8 of the Dungeon)

   Spells                             Type                      Level
   a - Animate Dead                   Necromancy                   4
   b - Agony                          Necromancy                   5
   c - Cigotuvi's Embrace             Necromancy                   5
   d - Dispel Undead                  Necromancy                   5
   e - Death Channel                  Necromancy                   6
 T - a manual of Crossbows


   Skills:
 - Level 4.0 Fighting
 + Level 9.1 Short Blades
 - Level 8.1 Dodging
 + Level 12.7 Stealth
 - Level 4.0 Shields
 - Level 4.0 Spellcasting
 - Level 8.2 Hexes


You had one spell level left.
You knew the following spells:

 Your Spells              Type           Power        Failure   Level  Hunger
a - Ensorcelled Hibernat  Hex/Ice        ###...       6%          2    ##.....
b - Corona                Hex            ####...      1%          1    None
c - Confuse               Hex            ####....     1%          3    ###....
d - Dazzling Spray        Conj/Hex       ###...       12%         3    ###....
e - Vampiric Draining     Necr           #.........   56%         3    ###....
f - Blink                 Tloc           N/A          28%         2    ##.....
g - Repel Missiles        Chrm/Air       #.....       28%         2    ##.....


Dungeon Overview and Level Annotations

Branches:
Dungeon (11/15)            Temple (0/1) D:5
   Lair: D:8-11         Orc: D:9-12

Altars:
Dithmenos
Hepliaklqana
Kikubaaqudgha
Nemelex Xobeh
Ru
Vehumet

Shops:
D:5 (   D:9 [!


Innate Abilities, Weirdness & Mutations

You are very small and have problems with some larger weapons.
You are too small for most types of armour.
You have supernaturally acute eyesight. (SInv)
You are a herbivore.
You cover ground extremely quickly.
You need consume almost no food.


Message History

Kikubaaqudgha accepts your kill.
Your Short Blades skill increases to level 9!
Found 3 curare-tipped needles.
The centaur warrior shouts!
The black bear growls angrily.
The centaur warrior wields a shortbow.
The centaur warrior shoots an arrow.
You block the arrow.
You see here an arrow.
The centaur warrior shoots an arrow.
The arrow barely misses you.
The arrow hits the iguana!
The centaur warrior unwields an uncursed shortbow.
The centaur warrior hits you.
You see here 9 gold pieces.
You barely miss the centaur warrior.
You hit the centaur warrior but do no damage.
The centaur warrior hits you.
* * * LOW HITPOINT WARNING * * *
You hit the centaur warrior but do no damage.
The centaur warrior is poisoned.
The centaur warrior hits you!
You die...
Kikubaaqudgha rasps: "You have failed me!
Welcome... death!"

#### ### #)?#++#[.#
#=#....#h#
###......#
#########.'....h.+
..........'......+
.........##..((..##
........##(#...l#[#
....%..†'#.(#++#@c#
........#### ####
........# ........#
........# ......).#
........# #+#
........# #.# #..#
##'###### #.# #..##


You could see a centaur warrior, a black bear and an iguana.

Vanquished Creatures
  An unseen horror (D:10)
  A hill giant (D:11)
  Pikel (D:7)
  Maurice (D:11)
  Psyche (D:8)
  2 hippogriffs
  A wyvern (D:9)
  2 hungry ghosts
  6 orc warriors
  3 ice beasts (D:5)
  2 phantoms
  2 sky beasts
  2 slaves (D:6)
  2 ogres (D:5)
  3 centaurs
  A bullfrog (D:6)
  2 scorpions
  3 wights (D:6)
  6 crimson imps
  A bullfrog zombie (D:8)
  3 orc priests
  3 hounds
  10 orc wizards
  A bullfrog skeleton (D:6)
  2 centaur skeletons
  2 jellies (D:6)
  3 iguanas
  5 worker ants
  9 adders
  6 gnolls
  A shadow imp (D:6)
  4 oozes
  2 adder zombies
  An adder skeleton (D:4)
  A worm (D:5)
  3 dart slugs
  4 leopard geckos
  47 orcs
  6 bats
  5 giant cockroaches
  13 goblins
  13 hobgoblins
  3 jackals
  21 kobolds
  5 quokkas
  A ball python (D:2)
  4 frilled lizards
  A giant cockroach zombie (D:6)
  5 rats
227 creatures vanquished.

Vanquished Creatures (others)
  A slave (D:10)
  A wyvern skeleton (D:8)
  An orc priest (D:10)
3 creatures vanquished.

Grand Total: 230 creatures vanquished

Notes
Turn   | Place    | Note
-------+----------+-------------------------------------------
     0 | D:1      | varam the Spriggan Enchanter began the quest for the Orb.
     0 | D:1      | Reached XP level 1. HP: 9/9 MP: 5/5
   464 | D:2      | Found a faded altar of an unknown god.
   645 | D:1      | Reached XP level 2. HP: 10/13 MP: 3/6
   652 | D:1      | Learned a level 2 spell: Ensorcelled Hibernation
   744 | D:1      | Reached skill level 2 in Short Blades
   903 | D:1      | Reached skill level 5 in Stealth
  1300 | D:1      | Reached XP level 3. HP: 16/16 MP: 8/8
  1499 | D:1      | Learned a level 3 spell: Confuse
  2091 | D:2      | Reached skill level 6 in Stealth
  2505 | D:3      | Reached skill level 3 in Short Blades
  2505 | D:3      | Reached XP level 4. HP: 16/21 MP: 1/9
  3837 | D:3      | Reached XP level 5. HP: 24/24 MP: 6/10
  3881 | D:3      | Found a faded altar of an unknown god.
  3881 | D:3      | Found a faded altar of an unknown god.
  3891 | D:3      | Found a sacrificial altar of Ru.
  3892 | D:3      | Reached skill level 7 in Stealth
  3894 | D:3      | Found an ancient bone altar of Kikubaaqudgha.
  3895 | D:3      | Found a faded altar of an unknown god.
  3909 | D:3      | Became a worshipper of Kikubaaqudgha
  4000 | D:4      | Reached skill level 4 in Short Blades
  4592 | D:5      | Entered Level 5 of the Dungeon
  4819 | D:5      | Noticed a centaur
  5066 | D:4      | Noticed a sky beast
  5369 | D:4      | Reached XP level 6. HP: 22/28 MP: 1/11
  5445 | D:4      | Learned a level 3 spell: Dazzling Spray
  5491 | D:4      | Reached skill level 8 in Stealth
  5838 | D:4      | Reached skill level 4 in Hexes
  6016 | D:4      | Reached skill level 3 in Spellcasting
  6396 | D:4      | Reached skill level 5 in Short Blades
  6499 | D:4      | Killed a sky beast
  6499 | D:4      | Reached skill level 5 in Hexes
  6575 | D:5      | Reached XP level 7. HP: 32/32 MP: 5/13
  6592 | D:5      | Reached * piety under Kikubaaqudgha
  6592 | D:5      | Identified Kikubaaqudgha's Collected Works on Necromancy (Kikubaaqudgha gifted it to you on level 5 of the Dungeon)
  6592 | D:5      | Received a gift from Kikubaaqudgha
  6598 | D:5      | Learned a level 3 spell: Vampiric Draining
  6980 | D:4      | Reached skill level 4 in Spellcasting
  7002 | D:5      | Reached skill level 6 in Hexes
  7525 | D:5      | Reached skill level 1 in Shields
  7610 | D:5      | Found Daex's Antique Weapon Shop.
  7614 | D:5      | Reached skill level 7 in Hexes
  7757 | D:6      | Reached skill level 2 in Shields
  7757 | D:6      | Reached XP level 8. HP: 22/36 MP: 1/15
  8010 | D:5      | Found a staircase to the Ecumenical Temple.
  8069 | D:5      | Found a radiant altar of Vehumet.
  8111 | D:5      | Reached skill level 8 in Hexes
  8160 | D:5      | Reached skill level 3 in Shields
  8198 | D:5      | Reached skill level 1 in Fighting
  8198 | D:5      | Reached skill level 4 in Dodging
  8305 | D:5      | Reached ** piety under Kikubaaqudgha
  8825 | D:5      | Reached skill level 2 in Fighting
  9360 | D:5      | Reached skill level 5 in Dodging
 10002 | D:6      | Found a sparkling altar of Nemelex Xobeh.
 10003 | D:6      | Found a hazy altar of Hepliaklqana.
 10075 | D:6      | Reached XP level 9. HP: 41/43 MP: 12/16
 10121 | D:6      | Reached skill level 3 in Fighting
 10121 | D:6      | Reached skill level 6 in Dodging
 10121 | D:6      | Reached skill level 4 in Shields
 10835 | D:7      | Found a shadowy altar of Dithmenos.
 10901 | D:7      | Reached skill level 7 in Dodging
 11158 | D:7      | Reached skill level 4 in Fighting
 11462 | D:6      | Reached skill level 8 in Dodging
 11727 | D:7      | Noticed Pikel
 11850 | D:7      | Killed Pikel
 11850 | D:7      | Reached skill level 6 in Short Blades
 11850 | D:7      | Reached skill level 9 in Stealth
 11893 | D:8      | Noticed Psyche
 11900 | D:8      | Killed Psyche
 11900 | D:8      | Reached skill level 10 in Stealth
 12119 | D:8      | the wyvern skeleton is devoured by a tear in reality.
 12128 | D:8      | Got a wavering tin ring
 12130 | D:8      | Identified the ring "Beiguj" {rF+++ rC- MR+ Str+3} (You found it on level 8 of the Dungeon)
 12141 | D:8      | Reached *** piety under Kikubaaqudgha
 12141 | D:8      | Identified Kikubaaqudgha's Catalogue of Dark Secrets (Kikubaaqudgha gifted it to you on level 8 of the Dungeon)
 12141 | D:8      | Received a gift from Kikubaaqudgha
 12166 | D:8      | Learned a level 2 spell: Blink
 12173 | D:8      | Learned a level 2 spell: Repel Missiles
 12303 | D:8      | Reached skill level 7 in Short Blades
 12303 | D:8      | Reached XP level 10. HP: 49/49 MP: 17/17
 12666 | D:9      | Found Foejahen's Distillery.
 12670 | D:9      | Found a flagged portal.
 12684 | D:9      | Reached skill level 11 in Stealth
 12689 | Bailey   | Entered a bailey
 12694 | Bailey   | Noticed an orc warlord
 12893 | Bailey   | Found a runed gate.
 12895 | Bailey   | Found a runed gate.
 12896 | Bailey   | Found a runed gate.
 13231 | D:9      | Found Morucoe's Armour Shoppe.
 13256 | D:10     | Entered Level 10 of the Dungeon
 13259 | D:10     | Noticed an unseen horror
 13266 | D:10     | Killed an unseen horror
 13266 | D:10     | Reached skill level 8 in Short Blades
 13456 | D:11     | Reached skill level 12 in Stealth
 13473 | D:11     | Noticed Maurice
 13477 | D:11     | Killed Maurice
 13503 | D:11     | Noticed a centaur warrior
 13504 | D:11     | Noticed a hill giant
 13508 | D:11     | Killed a hill giant
 13508 | D:11     | Reached skill level 9 in Short Blades
 13517 | D:11     | Slain by a centaur warrior

Skill      XL: |  1  2  3  4  5  6  7  8  9 10 |
---------------+-------------------------------+-----
Short Blades   | 2 3 4 5 7 9 |  9.1
Stealth        | 5 6 7 8 10 12 | 12.7
Hexes          | 5 7 8 |  8.2
Spellcasting   | 3 4 |  4.0
Shields        | 2 3 4 |  4.0
Fighting       | 2 4 |  4.0
Dodging        | 5 8 |  8.1

Action                   |  1- 3 |  4- 6 |  7- 9 | 10-12 || total
-------------------------+-------+-------+-------+-------++-------
Melee: Dagger            |   145 |   297 |   449 |   191 ||  1082
Throw: Tomahawk          |     2 |     5 |     4 |       ||    11
       Throwing net      |       |     1 |       |       ||     1
 Cast: Corona            |    13 |       |     1 |       ||    14
       Ensorcelled Hiber |    27 |     8 |     2 |       ||    37
       Confuse           |    11 |    65 |   114 |    10 ||   200
       Dazzling Spray    |       |     2 |     2 |       ||     4
  Use: Potion            |       |     2 |     2 |       ||     4
       Scroll            |       |     2 |    11 |     2 ||    15
 Stab: Sleeping          |    19 |     5 |    15 |     6 ||    45
       Confused          |     1 |    29 |    53 |     5 ||    88
       Held in net/web   |       |     1 |       |       ||     1
       Distracted        |       |       |     2 |       ||     2
  Eat: Bread ration      |     1 |     1 |     2 |       ||     4
       Fruit             |       |     3 |     2 |       ||     5
       Pizza             |       |       |     1 |       ||     1
Armor: Robe              |    12 |    16 |    17 |    12 ||    57
Dodge: Dodged            |   126 |   194 |   215 |   112 ||   647
Block: Buckler           |       |       |    25 |    64 ||    89
